 Dungeon Crawl Stone Soup version 0.20.1-1-g8b1a95d (webtiles) character file.

44 Hurrycane the Gusty (level 3, -1/23 HPs)
             Began as a Tengu Air Elementalist on July 13, 2017.
             Slain by a gnoll
             ... wielding a +1 halberd of pain
              (3 damage)
             ... on level 2 of the Dungeon.
             The game lasted 00:04:52 (2131 turns).

Hurrycane the Gusty (Tengu Air Elementalist)        Turns: 2131, Time: 00:04:52

Health: -1/23      AC:  2    Str:  9    XL:     3   Next: 60%
Magic:  7/7        EV: 12    Int: 15    God:
Gold:   32         SH:  0    Dex: 14    Spells: 3/6 levels left

rFire    . . .     SeeInvis .   j - +1 dagger
rCold    . . .     Gourm    .   (no shield)
rNeg     . . .     Faith    .   a - +0 robe
rPois    .         Spirit   .   (helmet restricted)
rElec    .         Reflect  .   (no cloak)
rCorr    .         Harm     .   (no gloves)
MR       .....                  (boots unavailable)
Stlth    ++........             (no amulet)
Regen    0.1/turn               (no ring)
MPRegen  0.1/turn               (no ring)

@: no status effects
A: beak, talons 3
a: no special abilities


You were on level 2 of the Dungeon.
You were not hungry.

You visited 1 branch of the dungeon, and saw 2 of its levels.

You collected 32 gold pieces.

Inventory:

Hand Weapons
 e - a cursed -2 mace
 f - a cursed -1 hunting sling
 j - a +1 dagger (weapon)
 n - a +0 spear
Armour
 a - a +0 robe (worn)
 l - a +0 leather armour
Jewellery
 k - an uncursed ring of stealth {unknown}
Scrolls
 h - 2 scrolls of recharging
 m - a scroll of enchant weapon
Potions
 i - 2 potions of invisibility {unknown}
Books
 b - a book of Air

   Spells                             Type                      Level
   a - Shock                          Conjuration/Air              1
   b - Swiftness                      Charms/Air                   2
   c - Static Discharge               Conjuration/Air              3
   d - Airstrike                      Air                          4
   e - Lightning Bolt                 Conjuration/Air              5
Comestibles
 c - 2 bread rations
 d - a royal jelly
 g - 5 chunks of flesh


   Skills:
 + Level 3.1 Fighting
 - Level 2.1 Dodging
 - Level 2.0 Stealth
 - Level 2.0 Spellcasting
 - Level 1.3 Conjurations
 - Level 4.0 Air Magic


You had 3 spell levels left.
You knew the following spells:

 Your Spells              Type           Power        Failure   Level  Hunger
a - Shock                 Conj/Air       #...         8%          1    #......
b - Swiftness             Chrm/Air       #.......     14%         2    ###....


Dungeon Overview and Level Annotations

Branches:
Dungeon (2/15)

Altars:


Innate Abilities, Weirdness & Mutations

You have a beak for a mouth.
You have claws for feet.


Message History

You now have 32 gold pieces (gained 6).
You see here a spear.
n - a spear Your magical contamination has completely faded away.
You start resting.
An adder comes into view.
Okay, then.
The gnoll shouts!
A goblin comes into view. It is wielding a dagger.
The goblin shouts!
Found a stone staircase leading down.
Found a quarterstaff.
The goblin misses you. The goblin closely misses you.
You see here a quarterstaff.
The goblin barely misses you. The goblin hits you with a dagger.
* * * LOW HITPOINT WARNING * * *
The gnoll hits you from afar with a halberd of pain.
You die...

#.###.......#.....#
#..##.....#....#...
#........####.S...
..##.....#####..#.
##.##............##.
##.. #.#########..#..
###..###g#####........#
#....g)...............g
####..@.......#########
#.....#######
......#### .......#
....#### .... ... ..


You could see a gnoll and a goblin.

Vanquished Creatures
  A gnoll (D:2)
  2 worms (D:2)
  A leopard gecko (D:1)
  3 bats (D:1)
  3 giant cockroaches (D:1)
  3 goblins
  2 hobgoblins
  5 jackals
  A ball python (D:2)
  A kobold (D:2)
  3 rats
25 creatures vanquished.

Notes
Turn   | Place    | Note
-------+----------+-------------------------------------------
     0 | D:1      | Hurrycane the Tengu Air Elementalist began the quest for the Orb.
     0 | D:1      | Reached XP level 1. HP: 10/10 MP: 4/4
    56 | D:1      | Reached skill level 1 in Fighting
   510 | D:1      | Reached XP level 2. HP: 16/16 MP: 3/6
  1822 | D:2      | Reached XP level 3. HP: 22/22 MP: 3/7
  1835 | D:2      | Learned a level 2 spell: Swiftness
  2131 | D:2      | Slain by a gnoll

Skill      XL: |  1  2  3 |
---------------+----------+-----
Fighting       | 1 2 3 |  3.1
Dodging        | |  2.1
Stealth        | |  2.0
Spellcasting   | |  2.0
Conjurations   | |  1.3
Air Magic      | |  4.0

Action                   || total
-------------------------++-------
Melee: Unarmed           ||    28
       Kick              ||    24
       Peck              ||    13
       Dagger            ||    40
       Club              ||    16
 Cast: Shock             ||    21
       Swiftness         ||     2
  Use: Scroll            ||     3
 Stab: Sleeping          ||     2
  Eat: Bread ration      ||     1
       Chunk             ||     1
Armor: Robe              ||    16
Dodge: Dodged            ||    75
